TOP OF THE 1ST |
Waynesboro Braves batting - Pitching for Bluefield Grays : RHP Danny Clay
|
Pitching: RHP Danny Clay
|
|
Batting: RHB Juan Velazquez
|
0-0: Swinging Strike 0-1: Called Strike 0-2: Ball 1-2: Strikes out swinging
|
Batting: RHB Sam Khalifa
|
0-0: Called Strike 0-1: Ball 1-1: Ball 2-1: Called Strike 2-2: Strikes out swinging
|
Batting: RHB Gary Gill
|
0-0: Foul Ball, location: 2F 0-1: Swinging Strike 0-2: Foul Ball, location: 2F 0-2: Ball 1-2: Foul Ball, location: 2F 1-2: Strikes out swinging
|
Top of the 1st over - 0 runs, 0 hits, 0 errors, 0 left on base; Waynesboro 0 - Bluefield 0 |
BOTTOM OF THE 1ST |
Bluefield Grays batting - Pitching for Waynesboro Braves : LHP Otis Green
|
Pitching: LHP Otis Green
|
|
Batting: RHB Felix Fermin
|
0-0: Ball 1-0: Called Strike 1-1: Ball 2-1: SINGLE (Line Drive, 7S, EV 85.0 MPH)
|
Batting: SHB Casey Candaele
|
0-0: Ball 1-0: Ball Felix Fermin steals 2nd base 2-0: Ball 3-0: Base on Balls
|
Batting: RHB Charlie Hayes
|
0-0: Called Strike 0-1: Ball Wild Pitch! Felix Fermin to third Casey Candaele to second 1-1: Swinging Strike 1-2: Ball 2-2: Strikes out swinging
|
Batting: RHB Steven Wolff
|
0-0: Called Strike 0-1: SINGLE (Groundball, 4MD, EV 103.1 MPH) Felix Fermin scores Casey Candaele to third Runner from 3rd tries for Home, SAFE, throw by CF to home
|
Batting: LHB David Price
|
0-0: Grounds into double play, 4-6-3 (Groundball, 4, EV 76.9 MPH)
|
Bottom of the 1st over - 2 runs, 2 hits, 0 errors, 0 left on base; Waynesboro 0 - Bluefield 2 |
TOP OF THE 2ND |
Waynesboro Braves batting - Pitching for Bluefield Grays : RHP Danny Clay
|
Batting: RHB Hank Landers
|
0-0: Foul Ball, location: 2F 0-1: Ground out 5-3 (Groundball, 56, EV 80.0 MPH)
|
Batting: RHB Bob Calley
|
0-0: Ball 1-0: Foul Ball, location: 2F 1-1: Ball 2-1: Ball 3-1: Base on Balls
|
Batting: RHB Talbot Aiello
|
0-0: Ball 1-0: Swinging Strike 1-1: Swinging Strike 1-2: Foul Ball, location: 2F 1-2: Fly out, F7 (Flyball, 78M, EV 84.4 MPH)
|
Batting: RHB Manuel Miranda
|
0-0: Foul Ball, location: 2F 0-1: Called Strike 0-2: Fielders Choice at 2nd, 6-4 (Groundball, 6, EV 107.5 MPH)
|
Top of the 2nd over - 0 runs, 0 hits, 0 errors, 1 left on base; Waynesboro 0 - Bluefield 2 |
BOTTOM OF THE 2ND |
Bluefield Grays batting - Pitching for Waynesboro Braves : LHP Otis Green
|
Batting: RHB Koji Akiyama
|
0-0: Foul Ball, location: 2F 0-1: Ball 1-1: Foul Ball, location: 2F 1-2: Ball 2-2: Strikes out swinging
|
Batting: SHB Chris Maloney
|
0-0: Called Strike 0-1: Foul Ball, location: 2F 0-2: Ball 1-2: Fly out, F7 (Flyball, 7, EV 85.6 MPH)
|
Batting: RHB James Eurton
|
0-0: Swinging Strike 0-1: Called Strike 0-2: Ball 1-2: Strikes out swinging
|
Bottom of the 2nd over - 0 runs, 0 hits, 0 errors, 0 left on base; Waynesboro 0 - Bluefield 2 |
TOP OF THE 3RD |
Waynesboro Braves batting - Pitching for Bluefield Grays : RHP Danny Clay
|
Batting: RHB Thomas Walker
|
0-0: Ground out U3 (Groundball, 34S, EV 86.3 MPH)
|
Batting: RHB Angelo Bruno
|
0-0: Ball 1-0: Swinging Strike 1-1: Ball 2-1: SINGLE (Groundball, 56S, EV 70.0 MPH) (infield hit)
|
Batting: RHB Juan Velazquez
|
0-0: Swinging Strike 0-1: Fielders Choice at 2nd, 5-4 (Groundball, 56, EV 78.1 MPH)
|
Batting: RHB Sam Khalifa
|
0-0: Called Strike 0-1: Called Strike 0-2: Ground out 6-3 (Groundball, 6, EV 83.1 MPH)
|
Top of the 3rd over - 0 runs, 1 hit, 0 errors, 1 left on base; Waynesboro 0 - Bluefield 2 |
BOTTOM OF THE 3RD |
Bluefield Grays batting - Pitching for Waynesboro Braves : LHP Otis Green
|
Batting: SHB Alex Garcia
|
0-0: Ball 1-0: Foul Ball, location: 2F 1-1: Foul Ball, location: 2F 1-2: Foul Ball, location: 2F 1-2: Ball 2-2: Strikes out swinging
|
Batting: RHB Felix Fermin
|
0-0: Ball 1-0: Ball 2-0: Ball 3-0: Base on Balls
|
Batting: SHB Casey Candaele
|
0-0: Called Strike 0-1: Ball Passed Ball! Felix Fermin to second 1-1: Called Strike 1-2: Ball 2-2: Ground out 5-3 (Groundball, 56, EV 96.9 MPH)
|
Batting: RHB Charlie Hayes
|
0-0: Ball 1-0: Called Strike 1-1: Swinging Strike 1-2: SINGLE (Line Drive, 9S, EV 103.1 MPH) Felix Fermin to third Runner from 3rd tries for Home, SAFE, throw by RF to home
|
Batting: RHB Steven Wolff
|
0-0: Ball 1-0: Called Strike 1-1: Ball 2-1: Foul Ball, location: 2F 2-2: Ball 3-2: Ground out 1-3 (Groundball, 34S, EV 61.9 MPH)
|
Bottom of the 3rd over - 1 run, 1 hit, 0 errors, 1 left on base; Waynesboro 0 - Bluefield 3 |
TOP OF THE 4TH |
Waynesboro Braves batting - Pitching for Bluefield Grays : RHP Danny Clay
|
Batting: RHB Gary Gill
|
0-0: Called Strike 0-1: Ball 1-1: Foul Ball, location: 2F 1-2: Foul Ball, location: 2F 1-2: Ball 2-2: SINGLE (Line Drive, 8LS, EV 108.1 MPH)
|
Batting: RHB Hank Landers
|
0-0: SINGLE (Groundball, 56D, EV 102.5 MPH) Gary Gill to second
|
Batting: RHB Bob Calley
|
0-0: Ball 1-0: Ball 2-0: Ball 3-0: Called Strike 3-1: Foul Ball, location: 2F 3-2: Base on Balls Gary Gill to third Hank Landers to second
|
Batting: RHB Talbot Aiello
|
0-0: Ball 1-0: Swinging Strike 1-1: Grounds into fielders choice 4-2 (Groundball, 4, EV 81.3 MPH) Hank Landers to third Bob Calley to second
|
Batting: RHB Manuel Miranda
|
0-0: Called Strike 0-1: Swinging Strike 0-2: Foul Ball, location: 2F 0-2: Ball 1-2: Ball 2-2: SINGLE (Groundball, 6D, EV 100.6 MPH) Hank Landers scores Bob Calley to third Talbot Aiello to second Runner from 3rd tries for Home, SAFE, throw by CF to home
|
Batting: RHB Thomas Walker
|
0-0: Called Strike 0-1: Ball 1-1: SINGLE (Groundball, 6MD, EV 107.5 MPH) Talbot Aiello to third Manuel Miranda to second Runner from 3rd tries for Home, SAFE, throw by CF to home
|
Batting: RHB Angelo Bruno
|
0-0: Ball 1-0: Called Strike 1-1: Ball 2-1: Foul Ball, location: 2F 2-2: Grounds into double play, 3-6-1 (Groundball, 34, EV 87.5 MPH)
|
Top of the 4th over - 3 runs, 4 hits, 0 errors, 1 left on base; Waynesboro 3 - Bluefield 3 |
BOTTOM OF THE 4TH |
Bluefield Grays batting - Pitching for Waynesboro Braves : LHP Otis Green
|
Batting: LHB David Price
|
0-0: Ball 1-0: Called Strike 1-1: Swinging Strike 1-2: Hit by Pitch
|
Batting: RHB Koji Akiyama
|
0-0: Fielders Choice at 2nd, 6-4 (Groundball, 6, EV 83.8 MPH)
|
Batting: SHB Chris Maloney
|
0-0: Ball Koji Akiyama steals 2nd base 1-0: Foul Ball, location: 2F 1-1: Ball 2-1: Foul Ball, location: 2F 2-2: Ground out 6-3 (Groundball, 6MD, EV 89.4 MPH) Koji Akiyama to third
|
Batting: RHB James Eurton
|
0-0: Ball 1-0: Ball 2-0: Ball 3-0: Base on Balls
|
Batting: SHB Alex Garcia
|
0-0: Ball 1-0: Called Strike 1-1: Ball 2-1: Ball 3-1: Base on Balls James Eurton to second
|
Batting: RHB Felix Fermin
|
0-0: Fielders Choice at 2nd, 6-4 (Groundball, 6, EV 108.8 MPH)
|
Bottom of the 4th over - 0 runs, 0 hits, 0 errors, 3 left on base; Waynesboro 3 - Bluefield 3 |
TOP OF THE 5TH |
Waynesboro Braves batting - Pitching for Bluefield Grays : RHP Danny Clay
|
Batting: RHB Juan Velazquez
|
0-0: Swinging Strike 0-1: Ball 1-1: Foul Ball, location: 2F 1-2: Foul Ball, location: 2F 1-2: Foul Ball, location: 2F 1-2: Ball 2-2: DOUBLE (Groundball, 5L, EV 102.5 MPH)
|
Batting: RHB Sam Khalifa
|
0-0: Ball 1-0: Ball 2-0: Called Strike 2-1: Called Strike 2-2: Ground out 6-3 (Groundball, 6, EV 101.3 MPH)
|
Batting: RHB Gary Gill
|
0-0: Foul Ball, location: 2F 0-1: Ball Juan Velazquez is caught stealing 3rd base 2-5 1-1: Called Strike 1-2: Ball 2-2: SINGLE (Groundball, 56D, EV 103.8 MPH)
|
Batting: RHB Hank Landers
|
0-0: Ball 1-0: Ball 2-0: Fly out, F2 (Popup, 2LF, EV 96.3 MPH)
|
Top of the 5th over - 0 runs, 2 hits, 0 errors, 1 left on base; Waynesboro 3 - Bluefield 3 |
BOTTOM OF THE 5TH |
Bluefield Grays batting - Pitching for Waynesboro Braves : LHP Otis Green
|
Batting: SHB Casey Candaele
|
0-0: Called Strike 0-1: Ball 1-1: Ball 2-1: Ball 3-1: Called Strike 3-2: Ground out 6-3 (Groundball, 6, EV 106.3 MPH)
|
Batting: RHB Charlie Hayes
|
0-0: Called Strike 0-1: Swinging Strike 0-2: Strikes out looking
|
Batting: RHB Steven Wolff
|
0-0: Ball 1-0: Fly out, F8 (Flyball, 89D, EV 101.9 MPH)
|
Bottom of the 5th over - 0 runs, 0 hits, 0 errors, 0 left on base; Waynesboro 3 - Bluefield 3 |
TOP OF THE 6TH |
Waynesboro Braves batting - Pitching for Bluefield Grays : RHP Danny Clay
|
Batting: RHB Bob Calley
|
0-0: Called Strike 0-1: Reached on error, E6 (Groundball, 6, EV 78.8 MPH)
|
Batting: RHB Talbot Aiello
|
0-0: Ball 1-0: Foul Ball, location: 2F 1-1: Ball 2-1: Swinging Strike 2-2: Foul Ball, location: 2F 2-2: Foul Ball, location: 2F 2-2: Ball 3-2: Base on Balls Bob Calley to second
|
Batting: RHB Manuel Miranda
|
0-0: Fly out, F6 (Popup, 6M, EV 75.0 MPH)
|
Batting: RHB Thomas Walker
|
0-0: Ball 1-0: Ball 2-0: Fielders Choice at 2nd, 6-4 (Groundball, 6, EV 81.3 MPH) Bob Calley to third
|
Batting: RHB Angelo Bruno
|
0-0: Ball 1-0: Swinging Strike 1-1: Ball 2-1: Called Strike 2-2: Ball 3-2: Strikes out swinging
|
Top of the 6th over - 0 runs, 0 hits, 1 error, 2 left on base; Waynesboro 3 - Bluefield 3 |
BOTTOM OF THE 6TH |
Bluefield Grays batting - Pitching for Waynesboro Braves : LHP Otis Green
|
Batting: LHB David Price
|
0-0: Ball 1-0: Foul Ball, location: 2F 1-1: Ball 2-1: Ball 3-1: Fly out, F6 (Flyball, 56D, EV 71.9 MPH)
|
Batting: RHB Koji Akiyama
|
0-0: Foul Ball, location: 2F 0-1: Fly out, F7 (Flyball, 7S, EV 89.4 MPH)
|
Batting: SHB Chris Maloney
|
0-0: Foul Ball, location: 2F 0-1: Ball 1-1: Ball 2-1: Called Strike 2-2: Foul Ball, location: 2F 2-2: Foul Ball, location: 2F 2-2: TRIPLE (Line Drive, 9LD, EV 106.3 MPH)
|
Batting: RHB James Eurton
|
0-0: Intentional Walk
|
Batting: SHB Alex Garcia
|
0-0: Fly out, F8 (Flyball, 8RM, EV 96.9 MPH)
|
Bottom of the 6th over - 0 runs, 1 hit, 0 errors, 2 left on base; Waynesboro 3 - Bluefield 3 |
TOP OF THE 7TH |
Waynesboro Braves batting - Pitching for Bluefield Grays : RHP Danny Clay
|
Batting: RHB Juan Velazquez
|
0-0: Foul Ball, location: 2F 0-1: Ball 1-1: Ground out 4-3 (Groundball, 4M, EV 105.6 MPH)
|
Batting: RHB Sam Khalifa
|
0-0: Ball 1-0: Called Strike 1-1: Called Strike 1-2: Strikes out swinging
|
Batting: RHB Gary Gill
|
0-0: Ball 1-0: Called Strike 1-1: Ball 2-1: SINGLE (Groundball, 56D, EV 98.1 MPH)
|
Batting: RHB Hank Landers
|
0-0: Ball 1-0: Fly out, F9 (Flyball, 9LM, EV 93.1 MPH)
|
Top of the 7th over - 0 runs, 1 hit, 0 errors, 1 left on base; Waynesboro 3 - Bluefield 3 |
BOTTOM OF THE 7TH |
Bluefield Grays batting - Pitching for Waynesboro Braves : LHP Otis Green
|
Batting: RHB Felix Fermin
|
0-0: Ball 1-0: Ground out 3-1 (Groundball, 34S, EV 68.8 MPH)
|
Batting: SHB Casey Candaele
|
0-0: Called Strike 0-1: Called Strike 0-2: DOUBLE (Line Drive, 9LM, EV 100.0 MPH)
|
Batting: RHB Charlie Hayes
|
0-0: Called Strike 0-1: Called Strike 0-2: Ground out 6-3 (Groundball, 6, EV 78.8 MPH) Casey Candaele to third
|
Batting: RHB Steven Wolff
|
0-0: Intentional Walk
|
Batting: LHB David Price
|
0-0: Ball Wild Pitch! Casey Candaele scores Steven Wolff to second 1-0: Ball 2-0: Ground out 4-3 (Groundball, 4, EV 87.5 MPH)
|
Bottom of the 7th over - 1 run, 1 hit, 0 errors, 1 left on base; Waynesboro 3 - Bluefield 4 |
TOP OF THE 8TH |
Waynesboro Braves batting - Pitching for Bluefield Grays : RHP Danny Clay
|
Batting: RHB Bob Calley
|
0-0: Called Strike 0-1: Ball 1-1: Ball 2-1: Foul Ball, location: 2F 2-2: Ball 3-2: Foul Ball, location: 2F 3-2: Foul Ball, location: 2F 3-2: Fly out, F3 (Popup, 3F, EV 70.0 MPH)
|
Batting: RHB Talbot Aiello
|
0-0: Swinging Strike 0-1: Ball 1-1: Ball 2-1: Called Strike 2-2: Fly out, F7 (Flyball, 7LD, EV 82.5 MPH)
|
Batting: RHB Manuel Miranda
|
0-0: Called Strike 0-1: Ball 1-1: Ball 2-1: Foul Ball, location: 2F 2-2: Ball 3-2: Foul Ball, location: 2F 3-2: Base on Balls
|
Pinch Hitting: LHB Seth Richmond
|
0-0: Ball 1-0: Called Strike 1-1: Ball 2-1: Ball 3-1: Base on Balls Manuel Miranda to second
|
Batting: RHB Angelo Bruno
|
0-0: Called Strike 0-1: Fielders Choice at 2nd, 5-4 (Groundball, 56, EV 86.3 MPH)
|
Top of the 8th over - 0 runs, 0 hits, 0 errors, 2 left on base; Waynesboro 3 - Bluefield 4 |
BOTTOM OF THE 8TH |
Bluefield Grays batting - Pitching for Waynesboro Braves : LHP Otis Green
|
Now in LF: Seth Richmond
|
|
Batting: RHB Koji Akiyama
|
0-0: Ball 1-0: Called Strike 1-1: Ball 2-1: Ball 3-1: Base on Balls
|
Batting: SHB Chris Maloney
|
0-0: Ball 1-0: Ball 2-0: Swinging Strike 2-1: Foul Ball, location: 2F 2-2: SINGLE (Groundball, 6MD, EV 101.9 MPH) Koji Akiyama to second Runner from 2nd tries for 3rd, SAFE, throw by CF made to third
|
Batting: RHB James Eurton
|
0-0: Fly out, F8 (Flyball, 89D, EV 98.8 MPH) Runner from 3rd tags up, SCORES, throw by CF
|
Batting: SHB Alex Garcia
|
0-0: Hit by Pitch Chris Maloney to second
|
Batting: RHB Felix Fermin
|
0-0: Called Strike 0-1: Ball Chris Maloney steals 3rd base Alex Garcia to second 1-1: Ground out 6-3 (Groundball, 6MS, EV 68.8 MPH)
|
Batting: SHB Casey Candaele
|
0-0: Intentional Walk
|
Batting: RHB Charlie Hayes
|
0-0: Called Strike 0-1: DOUBLE (Groundball, 5L, EV 103.8 MPH) Chris Maloney scores Alex Garcia scores Casey Candaele to third Runner from 3rd tries for Home, SAFE, throw by LF to home
|
Pitching: RHP Michael Buckley
|
|
Batting: RHB Steven Wolff
|
0-0: Called Strike 0-1: Ball 1-1: Foul Ball, location: 2F 1-2: Ball 2-2: Strikes out looking
|
Bottom of the 8th over - 4 runs, 2 hits, 0 errors, 1 left on base; Waynesboro 3 - Bluefield 8 |
TOP OF THE 9TH |
Waynesboro Braves batting - Pitching for Bluefield Grays : RHP Danny Clay
|
Batting: RHB Juan Velazquez
|
0-0: Fly out, F3 (Popup, 34, EV 58.1 MPH)
|
Batting: RHB Sam Khalifa
|
0-0: Foul Ball, location: 2F 0-1: Swinging Strike 0-2: SINGLE (Groundball, 34D, EV 95.0 MPH)
|
Pitching: RHP Tim Criswell
|
|
Batting: RHB Gary Gill
|
0-0: Ball 1-0: Swinging Strike 1-1: Swinging Strike 1-2: Strikes out swinging
|
Batting: RHB Hank Landers
|
0-0: Called Strike 0-1: DOUBLE (Line Drive, 89XD, EV 98.8 MPH) Sam Khalifa to third
|
Batting: RHB Bob Calley
|
0-0: Fly out, F9 (Flyball, 9D, EV 91.3 MPH)
|
Top of the 9th over - 0 runs, 2 hits, 0 errors, 2 left on base; Waynesboro 3 - Bluefield 8 |
|